 Dungeon Crawl Stone Soup version 0.30-a0-949-g53dc5368d7 (webtiles) character file.

Game seed: 6332631889867537257

3059 AutumnRavn the Basher (level 9, -2/57 HPs)
             Began as a Gargoyle Fighter on Mar 27, 2023.
             Was a Believer of Cheibriados.
             Slain by a troll (4 damage)
             ... on level 7 of the Dungeon.
             The game lasted 00:12:00 (6539 turns).

AutumnRavn the Basher (Gargoyle Fighter)            Turns: 6539, Time: 00:12:01

Health: -2/57      AC: 27    Str: 28    XL:     9   Next: 87%
Magic:  6/9        EV: 10    Int: 13    God:    Cheibriados [**....]
Gold:   404        SH:  5    Dex: 13    Spells: 8/8 levels left

rFire   . . .      SeeInvis .    o - +1 flail (protect)
rCold   . . .      Faith    .    c - +0 buckler
rNeg    + . .      Spirit   .    b - +1 scale mail
rPois   ∞          Reflect  .    k - +2 helmet
rElec   +          Rampage  .    (no cloak)
rCorr   .                        g - +0 pair of gloves
Will    .....                    (no boots) Stlth
                                 (no amulet)
HPRegen 0.29/turn                (no ring)
MPRegen 0.11/turn                (no ring)

@: mighty, under a protective aura, very slow
A: sickness immunity, AC +6, negative energy resistance 1, electricity
resistance, torment resistance 1, petrification resistance
a: Renounce Religion, Bend Time


You were on level 7 of the Dungeon.
You worshipped Cheibriados.
Cheibriados was pleased with you.
You visited 2 branches of the dungeon, and saw 8 of its levels.
You also visited: Sewer.

You collected 404 gold pieces.

Inventory:

Hand Weapons
 a - a +1 flail
 o - a +1 flail of protection (weapon)
Armour
 b - a +1 scale mail (worn)
 c - a +0 buckler (worn)
 g - a +0 pair of gloves (worn)
 k - a +2 helmet (worn)
Wands
 h - a wand of flame (28)
 i - a wand of light (14)
Scrolls
 e - 2 scrolls of teleportation
 f - a scroll of fog
 j - 2 scrolls of fear
 l - 2 scrolls of poison
 p - 4 scrolls of identify
Potions
 d - 2 potions of might


   Skills:
 + Level 7.3 Fighting
 + Level 8.6 Maces & Flails
 + Level 7.3 Armour
 - Level 2.4 Dodging
 - Level 0.8 Stealth
 + Level 6.5 Shields


You had 8 spell levels left.
You didn't know any spells.
Your spell library contained the following spells:

 Spells                   Type           Power      Damage    Failure   Level
 Apportation              Tloc           0%         N/A       61%         1
 Foxfire                  Conj/Fire      0%         2x1d4     61%         1
 Sandblast                Erth           0%         2d4       61%         1
 Passwall                 Tmut/Erth      0%         N/A       75%         2
 Stone Arrow              Conj/Erth      0%         3d7       93%         3
 Fireball                 Conj/Fire      0%         3d3       100%        5
 Starburst                Conj/Fire      0%         6d3       100%        6


Dungeon Overview and Level Annotations

Branches:
Dungeon (7/15)             Temple (1/1) D:4           Sewer (visited)

Altars:
Ashenzari
Cheibriados
Dithmenos
Gozag
Hepliaklqana
Kikubaaqudgha
Makhleb
Nemelex Xobeh
Okawaru
Qazlal
Ru
Sif Muna
Trog
Uskayaw
Vehumet
Wu Jian
Xom
Zin


Innate Abilities, Weirdness & Mutations

You are immune to sickness and miasma.
Your stone body is resilient. (AC +6)
You are immune to poison.
You resist negative energy. (rN+)
You are resistant to electric shocks. (rElec)
You are resistant to unholy torment.
You are immune to petrification.


Message History

You are too injured to fight recklessly!
You are too injured to fight recklessly!
You are too injured to fight recklessly!
You are too injured to fight recklessly!
You are too injured to fight recklessly!
You are too injured to fight recklessly!
You are too injured to fight recklessly!
You are too injured to fight recklessly!
You are too injured to fight recklessly!
Unknown command.
You are too injured to fight recklessly!
You feel better. The troll bites you but does no damage.
The troll claws you but does no damage. x2
You feel very mighty all of a sudden.
You hear the loud creaking of a portcullis nearby.
The troll misses you. The troll barely misses you.
The troll claws you but does no damage.
The two-headed ogre hits you but does no damage.
The two-headed ogre hits you with a +0 giant club!!
* * * LOW HITPOINT WARNING * * *
You sock the two-headed ogre!
The two-headed ogre is moderately wounded.
The troll bites you!
* * * LOW HITPOINT WARNING * * *
The troll claws you but does no damage. You block the troll's attack.
The two-headed ogre barely misses you.
The two-headed ogre completely misses you.
You sock the two-headed ogre!
The two-headed ogre is heavily wounded.
The portcullis has been lowered almost to the ground.
The troll barely misses you. The troll misses you.
The troll closely misses you. The flow of time bends around you.
The troll resists with some effort.
The two-headed ogre resists with some effort.
Cheibriados lowers the support of your attributes as your movement quickens.
The two-headed ogre barely misses you.
The two-headed ogre hits you but does no damage.
The troll bites you but does no damage. The troll closely misses you.
The troll claws you.
You die...

..'.......................'...<..
..####....##########...####......
.## ##.#.# ##..# ##....$ ## ###.#
##.# ##.... # ############ ###
##... ........ #######'# .....
..#.....#.# .#####TO#
###..#####.#.# .....#.@#......
#.#.# # .....#.)#.Y... #####....
# ###..#..#l.#####..##.... # ....
#..#hT....##.##.†.. ######## ...
#..#......##.##.#.. .......#
?#####..#####..#....>... ########
.....#..#......##.......
.....#..#..... ####.#..
###..#..#..#### #.#..


You could see a two-headed ogre and a troll.

Vanquished Creatures
  Pikel (D:5)
  The ghost of Longtemps the Sneak, a novice OpFE of Gozag (D:6)
  A troll (D:7)
  Sigmund (D:2)
  The ghost of thfrgi the Conjurer, an amateur DECj of Vehumet (D:5)
  A wyvern (D:4)
  Pargi (Sewer)
  A black bear (D:5)
  A sky beast (D:6)
  An ogre (D:5)
  A lemure (D:5)
  A centaur (D:6)
  A phantom (D:3)
  A necrophage (D:4)
  4 scorpions
  A wight (D:7)
  A howler monkey (D:6)
  2 hounds (D:5)
  2 gnoll boudas (D:6)
  2 centaur skeletons (D:5)
  A sleepcap (D:6)
  Jessica (D:3)
  4 iguanas
  An orc wizard (D:4)
  Terence (D:3)
  A hound skeleton (D:4)
  A howler monkey zombie (D:5)
  9 gnolls (D:6)
  11 adders
  A white imp (D:6)
  A worm (D:2)
  5 dart slugs
  8 orcs
  9 endoplasms
  4 giant cockroaches
  8 goblins
  7 hobgoblins
  3 jackals (D:1)
  4 quokkas
  7 ball pythons
  5 bats
  3 frilled lizards
  13 kobolds
  2 rats
136 creatures vanquished.

Notes
Turn   | Place    | Note
-------+----------+-------------------------------------------
     0 | D:1      | AutumnRavn the Gargoyle Fighter began the quest for the
                  | Orb.
     0 | D:1      | Reached XP level 1. HP: 14/14 MP: 1/1
   155 | D:1      | Reached XP level 2. HP: 18/19 MP: 2/2
   310 | D:1      | Found a faded altar of an unknown god.
   526 | D:1      | Reached XP level 3. HP: 23/23 MP: 3/3
  1074 | D:2      | Noticed Sigmund
  1082 | D:2      | Killed Sigmund
  1083 | D:2      | Reached skill level 3 in Maces & Flails
  1083 | D:2      | Reached skill level 1 in Dodging
  1083 | D:2      | Reached XP level 4. HP: 4/29 MP: 4/4
  1083 | D:2      | Reached XP level 5. HP: 4/33 MP: 5/5
  1403 | D:2      | Reached XP level 6. HP: 38/38 MP: 6/6
  1858 | D:3      | Reached skill level 4 in Maces & Flails
  2385 | D:3      | Noticed Jessica
  2386 | D:3      | Found a shimmering blue altar of Sif Muna.
  2390 | D:3      | Killed Jessica
  2402 | D:3      | Got Sif Muna's Compendium of Relocation
  2407 | D:3      | Found a bloodstained altar of Trog.
  2407 | D:3      | Noticed Terence
  2419 | D:3      | Killed Terence
  2680 | D:4      | Noticed a wyvern
  2686 | D:4      | Killed a wyvern
  2687 | D:4      | Reached skill level 5 in Maces & Flails
  2687 | D:4      | Reached skill level 5 in Armour
  2687 | D:4      | Reached XP level 7. HP: 32/44 MP: 7/7
  2903 | D:4      | Found a burning altar of Makhleb.
  2950 | D:4      | Found a staircase to the Ecumenical Temple.
  3068 | Temple   | Entered the Ecumenical Temple
  3076 | Temple   | Became a worshipper of Cheibriados the Contemplative
  3639 | D:5      | Entered Level 5 of the Dungeon
  3756 | D:5      | Reached skill level 6 in Maces & Flails
  3835 | D:5      | Found a glowing drain.
  3841 | Sewer    | Entered a sewer
  3848 | Sewer    | Reached * piety under Cheibriados
  3877 | Sewer    | Noticed Pargi
  3886 | Sewer    | Killed Pargi
  3887 | Sewer    | Reached skill level 5 in Fighting
  3887 | Sewer    | Reached XP level 8. HP: 47/49 MP: 8/8
  4038 | D:5      | Found a runed translucent gate.
  4038 | D:5      | Found a runed translucent gate.
  4039 | D:5      | Found a runed translucent gate.
  4050 | D:5      | Noticed thfrgi's ghost (amateur DECj)
  4485 | D:5      | Noticed Pikel
  4501 | D:5      | Killed Pikel
  4502 | D:5      | Reached skill level 7 in Maces & Flails
  4502 | D:5      | Reached skill level 5 in Shields
  4697 | D:5      | Killed thfrgi's ghost
  4698 | D:5      | Reached XP level 9. HP: 55/55 MP: 9/9
  5073 | D:6      | Found an ornate altar of the Wu Jian Council.
  5106 | D:6      | Reached skill level 8 in Maces & Flails
  5276 | D:6      | Reached ** piety under Cheibriados
  5423 | D:6      | Found a hazy altar of Hepliaklqana.
  5735 | D:6      | Found a runed translucent door.
  5735 | D:6      | Noticed Longtemps's ghost (novice OpFE)
  6059 | D:6      | Killed Longtemps's ghost
  6088 | D:7      | Noticed a troll
  6104 | D:7      | Killed a troll
  6191 | D:7      | Found a sacrificial altar of Ru.
  6502 | D:7      | Noticed a troll
  6505 | D:7      | Noticed a two-headed ogre
  6537 | D:7      | HP: 2/57 [troll (11)]
  6539 | D:7      | Slain by a troll

Illustrated notes

Levels and vault maps discovered:
D:1:      sevenhm_arrival_forest_fort_large_4, layout_rooms,
          shapermc_ecumenical_altar_totnotflames, chequers_serial_rivers_room_a,
          corexii_leaking_fountain, minmay_quantized
D:2:      layout_loops_ring, corexii_hall_statues_t, minmay_tromino_v4_a,
          uniq_sigmund
D:3:      layout_loops_cross, nzn_overflow_gifts_of_might_and_magic,
          bh_walls_and_bars
D:4:      layout_basic, makhleb_blood_cavern_becter,
          minmay_temple_entry_large_hall, grunt_ministairs_4, hex_intersection
D:5:      layout_cave_pods, gammafunk_ghost_necromancy, portal_sewer_entry_e,
          uniq_pikel
D:6:      layout_loops_ring, old_standard_altar, mainiacjoe_overflow_alcove_4,
          gammafunk_ghost_grave
D:7:      kennysheep_windowed_halls, layout_loops_corners,
          nicolae_ru_path_of_blood, enter_bailey_4, uniq_menkaure
Temple:   nicolae_temple_no_exploring_needed

Skill      XL: |  1  2  3  4  5  6  7  8  9 |
---------------+----------------------------+-----
Fighting       | 4 5 6 7 |  7.3
Maces & Flails | 3 5 6 7 8 |  8.6
Armour         | 4 5 6 7 |  7.3
Dodging        | 1 2 |  2.4
Shields        | 4 5 6 |  6.5
Stealth        | |  0.8

Action                     |  1- 3 |  4- 6 |  7- 9 || total
---------------------------+-------+-------+-------++-------
  Melee: Flail             |    90 |   108 |   360 ||   558
 Invoke: Bend Time         |       |       |     1 ||     1
    Use: Scroll            |     6 |     1 |     5 ||    12
         Potion            |     1 |     1 |     8 ||    10
 Armour: Scale mail        |    51 |    51 |   333 ||   435
  Dodge: Dodged            |    56 |    36 |   225 ||   317
  Block: Buckler           |    23 |    24 |   115 ||   162

Table legend: (Time is in decaauts)
 A = Elapsed time spent in this place.
 B = Non-inter-level travel time spent in this place.
 C = Inter-level travel time spent in this place.
 D = Time resting spent in this place.
 E = Time spent auto-exploring this place.
 F = Levels seen in this place.
 G = Mean time per level.
                   A        B        C        D        E       F      G
               +--------+--------+--------+--------+--------+-----+--------+
         Total |   7625 |   7424 |    201 |    757 |   4832 |   9 |  847.2 |
       Dungeon |   7429 |   7228 |    201 |    702 |   4803 |   7 | 1061.3 |
        Temple |     18 |     18 |      0 |      0 |      0 |   1 |   18.0 |
         Sewer |    177 |    177 |      0 |     55 |     29 |   1 |  177.0 |
               +--------+--------+--------+--------+--------+-----+--------+

Top non-repeatable levels by time:
     D:6: 1688 daAuts
     D:5: 1305 daAuts
     D:4: 1092 daAuts
     D:1: 970 daAuts
     D:2: 920 daAuts
     D:3: 841 daAuts
     D:7: 611 daAuts
   Sewer: 177 daAuts
  Temple: 18 daAuts
